 Dungeon Crawl Stone Soup version 0.26.1-10-gdfb7c7de75 (webtiles) character file.

Game seed: 12154000284954437707

1234 Almogavar the Cudgeller (level 8, -1/48 HPs)
             Began as a Gargoyle Fighter on Apr 5, 2021.
             Was a Follower of Makhleb.
             Slain by a two-headed ogre
             ... wielding a cursed -2 giant club
              (13 damage)
             ... on level 6 of the Dungeon on Apr 6, 2021.
             The game lasted 00:12:09 (6344 turns).

Almogavar the Cudgeller (Gargoyle Fighter)          Turns: 6344, Time: 00:12:10

Health: -1/48      AC: 18    Str: 22    XL:     8   Next: 48%
Magic:  8/8        EV:  9    Int:  9    God:    Makhleb [*.....]
Gold:   316        SH: 10    Dex:  9    Spells: 7/7 levels left

rFire    . . .     SeeInvis .   a - +1 flail
rCold    x . .     Faith    .   c - +0 kite shield
rNeg     + + .     Spirit   .   b - +0 scale mail
rPois    ∞         Reflect  .   (no helmet)
rElec    +         Harm     .   (no cloak)
rCorr    .         Rampage  .   r - +0 pair of gloves
Will     .....                  (no boots)
Stlth    ..........             (no amulet)
HPRegen  0.16/turn              u - ring of flight
MPRegen  0.11/turn              g - ring "Fugrebrad" {rElec rC- rN+ AC+4}

@: no status effects
A: negative energy resistance 1, electricity resistance, unbreathing,
petrification resistance, miasma immunity, AC +5
a: Renounce Religion, Evoke Flight


You were on level 6 of the Dungeon.
You worshipped Makhleb.
Makhleb was aware of your devotion.
You visited 1 branch of the dungeon, and saw 6 of its levels.

You collected 316 gold pieces.

Inventory:

Hand Weapons
 a - a +1 flail (weapon)
Missiles
 v - 49 bolts
 x - 20 arrows
Armour
 b - a +0 scale mail (worn)
 c - a +0 kite shield (worn)
 r - a +0 pair of gloves (worn)
Jewellery
 g - the ring "Fugrebrad" (right hand) {rElec rC- rN+ AC+4}
   (You found it on level 4 of the Dungeon)

   [ring of protection]

   It affects your AC (+4).
   It makes you vulnerable to cold.
   It insulates you from electricity.
   It protects you from negative energy.
 k - an uncursed ring of positive energy
 p - an uncursed ring of protection from cold
 u - a ring of flight (left hand)
Wands
 t - a wand of iceblast (11)
Scrolls
 h - a scroll of blinking
 m - a scroll of remove curse
 q - 2 scrolls of magic mapping {unknown}
 s - a scroll of enchant weapon
 w - a scroll of teleportation {unknown}
 y - a scroll of noise {unknown}
Potions
 d - a potion of might
 e - 2 potions of curing
 f - 3 potions of invisibility
 i - 2 potions of mutation {unknown}
 j - a potion of brilliance {unknown}
 l - a potion of haste {unknown}
 n - 3 potions of heal wounds {unknown}


   Skills:
 + Level 4.8 Fighting
 + Level 6.2 Maces & Flails
 + Level 5.6 Armour
 + Level 2.3 Dodging
 + Level 1.0 Stealth
 + Level 6.1 Shields


You had 7 spell levels left.
You didn't know any spells.
Your spell library contained the following spells:

 Spells                   Type           Power        Failure   Level
 Animate Skeleton         Necr           0%           97%         1
 Pain                     Necr           0%           97%         1
 Vampiric Draining        Necr           0%           100%        3
 Animate Dead             Necr           0%           100%        4
 Agony                    Necr           0%           100%        5


Dungeon Overview and Level Annotations

Branches:
Dungeon (6/15)             Temple (0/1) D:5

Altars:
Makhleb
Qazlal
Trog
Uskayaw


Innate Abilities, Weirdness & Mutations

You are resistant to torment.
Your stone body is resilient. (AC +5)
You are immune to poison.
You resist negative energy. (rN+)
You are resistant to electric shocks. (rElec)
You can survive without breathing.
You are immune to petrification.
You are immune to miasma.


Message History

You thump the two-headed ogre!
The two-headed ogre is moderately wounded.
You block the two-headed ogre's attack.
The two-headed ogre hits you with a +0 giant spiked club!
You are too injured to fight recklessly!
You are too injured to fight recklessly!
You are too injured to fight recklessly!
Your shield and scale mail prevent you from hitting the two-headed ogre.
The two-headed ogre is moderately wounded.
The two-headed ogre hits you but does no damage.
The two-headed ogre hits you with a +0 giant spiked club.
You hit the two-headed ogre.
The two-headed ogre is moderately wounded.
The two-headed ogre hits you with a cursed -2 giant club.
* * * LOW HITPOINT WARNING * * *
The two-headed ogre hits you but does no damage.
You closely miss the two-headed ogre.
The two-headed ogre is moderately wounded.
The two-headed ogre hits you with a cursed -2 giant club!
You die...

#.. #.#
#...#.#.#
#...#.#.##
#........ .
#.(.#.#.###..
#............
#....O....#..
#....@.......
#..#.<....#..
#....#†...#
#.... ...##
#.... .....
####. .#.##..
#. .#.# . #.
[#.# #. .#


You could see a two-headed ogre.

Vanquished Creatures
  Menkaure (D:5)
  An ice beast (D:5)
  2 ogres
  A sky beast (D:5)
  A bullfrog (D:5)
  2 scorpions
  A hound (D:2)
  A centaur zombie (D:5)
  3 orc wizards
  A gnoll shaman (D:5)
  2 orc priests
  A centaur skeleton (D:5)
  An iguana (D:5)
  4 worker ants
  7 gnolls
  6 adders
  An ufetubus (D:5)
  An ooze (D:3)
  An adder zombie (D:2)
  An adder skeleton (D:2)
  A worm (D:2)
  4 leopard geckos
  15 orcs
  2 bat zombies (D:2)
  5 giant cockroaches
  11 goblins
  6 hobgoblins
  10 jackals
  3 kobolds
  2 quokkas
  4 bats
  6 frilled lizards
  A leopard gecko skeleton (D:4)
  A leopard gecko zombie (D:2)
  6 rats
116 creatures vanquished.

Notes
Turn   | Place    | Note
-------+----------+-------------------------------------------
     0 | D:1      | Almogavar the Gargoyle Fighter began the quest for the Orb.
     0 | D:1      | Reached XP level 1. HP: 14/14 MP: 1/1
   152 | D:1      | Reached XP level 2. HP: 19/19 MP: 2/2
   857 | D:2      | Reached XP level 3. HP: 20/23 MP: 3/3
  1469 | D:2      | Reached XP level 4. HP: 28/28 MP: 4/4
  2093 | D:2      | Found a burning altar of Makhleb.
  2106 | D:2      | Became a worshipper of Makhleb the Destroyer
  2321 | D:3      | Reached XP level 5. HP: 27/33 MP: 5/5
  3326 | D:4      | Found a bloodstained altar of Trog.
  3332 | D:4      | Reached skill level 1 in Dodging
  3582 | D:4      | Found a stormy altar of Qazlal.
  3751 | D:4      | Reached XP level 6. HP: 38/38 MP: 6/6
  3812 | D:4      | Got a warped brass ring
  3851 | D:4      | Identified the ring "Fugrebrad" {rElec rC- rN+ AC+4} (You
                  | found it on level 4 of the Dungeon)
  4228 | D:4      | Reached skill level 5 in Shields
  4228 | D:4      | Reached XP level 7. HP: 21/43 MP: 7/7
  4884 | D:5      | Entered Level 5 of the Dungeon
  4885 | D:5      | Noticed Menkaure
  4905 | D:5      | Killed Menkaure
  4906 | D:5      | Reached skill level 5 in Armour
  4908 | D:5      | Reached * piety under Makhleb
  5156 | D:5      | Found a hide-covered altar of Uskayaw.
  5180 | D:5      | Reached skill level 5 in Maces & Flails
  5482 | D:5      | Reached XP level 8. HP: 48/48 MP: 8/8
  6075 | D:5      | Found a staircase to the Ecumenical Temple.
  6333 | D:6      | Noticed a two-headed ogre
  6338 | D:6      | Reached skill level 1 in Stealth
  6344 | D:6      | Slain by a two-headed ogre

Illustrated notes

Levels and vault maps discovered:
D:1:      elethiomel_arrival_maze, layout_basic
D:2:      layout_loops_corners, makhleb_blood_cavern_becter, serial_undead,
          serial_undead_d, serial_undead_f, serial_undead_c, serial_undead_c,
          serial_undead_b, minmay_misc_feat_nine_boxes
D:3:      layout_basic, minmay_misc_feat_tower
D:4:      layout_loops_corners, bloody_trog, chequers_jeans,
          nicolae_qazlal_general_emergency
D:5:      minmay_skewed_foursquare, layout_basic, temple_pool_b, basic_altar,
          uniq_menkaure
D:6:      layout_basic, pdpol_temple_overflow_zin_treasury_gozag_greed,
          nicolae_tso_besieged_by_evil, roderic_roman_lattice,
          uniq_blork_the_orc

Skill      XL: |  1  2  3  4  5  6  7  8 |
---------------+-------------------------+-----
Maces & Flails | 3 4 5 6 |  6.2
Shields        | 4 5 6 |  6.1
Armour         | 4 5 |  5.6
Dodging        | 1 2 |  2.3
Fighting       | 4 |  4.8
Stealth        | 1 |  1.0

Action                   |  1- 3 |  4- 6 |  7- 9 || total
-------------------------+-------+-------+-------++-------
Melee: Flail             |   123 |   228 |   206 ||   557
  Use: Scroll            |       |     4 |     4 ||     8
Armor: Scale mail        |    57 |   111 |    99 ||   267
Dodge: Dodged            |    40 |    64 |    66 ||   170
Block: Kite shield       |    67 |   145 |   101 ||   313
